 Dungeon Crawl Stone Soup version 0.31.0-9-g3a7656b989 (webtiles) character file.

Game seed: 12399217769112709317

58 qw the Shooter (level 3, -6/18 HPs)
             Began as a Spriggan Hunter on Feb 2, 2024.
             Mangled by a gnoll
             ... wielding a +0 halberd
              (14 damage)
             ... on level 2 of the Dungeon.
             The game lasted 00:00:04 (1182 turns).

qw the Shooter (Spriggan Hunter)                    Turns: 1182, Time: 00:00:05

Health: -6/18      AC:  2    Str:  7    XL:     3   Next: 76%
Magic:  4/4        EV: 19    Int: 10    God:
Gold:   79         SH:  0    Dex: 20    Spells: 2/2 levels left

rFire   . . .        a - +0 shortbow
rCold   . . .        (shield currently unavailable)
rNeg    . . .        c - +0 robe
rPois   .            (helmet restricted)
rElec   .            (no cloak)
rCorr   .            (gloves unavailable)
SInv    +            (boots unavailable)
Will    .....        (no amulet)
Stlth   ++           (no ring)
HPRegen 0.23/turn    (no ring)
MPRegen 0.09/turn

%: no passive effects
@: very quick
A: very small, no large weapons, unfitting armour, see invisible, speed 3
a: no special abilities


You were on level 2 of the Dungeon.
You visited 1 branch of the dungeon, and saw 2 of its levels.

You collected 79 gold pieces.


Innate Abilities, Weirdness & Mutations

You are very small and have problems with some larger weapons.
You are too small for most types of armour.
You have supernaturally acute eyesight. (SInv)
You cover ground extremely quickly. (Speed+++)


   Skills:
 - Level 1.5 Fighting
 + Level 4.9 Ranged Weapons
 - Level 4.0 Dodging
 - Level 1.5 Stealth


You had 2 spell levels left.
You didn't know any spells.
Your spell library was empty.

Inventory:

Hand Weapons
 a - a +0 shortbow (weapon)
Armour
 c - a +0 robe (worn)
 e - a +0 robe of fire resistance
Scrolls
 b - 3 scrolls of identify
 g - a scroll of enchant weapon {unknown}
Potions
 d - 3 potions of curing
 f - a potion of haste
 k - a potion of cancellation {unknown}
 m - 2 potions of berserk rage {unknown}

Dungeon Overview and Level Annotations

Branches:
Dungeon (2/15)

Altars:


Message History

The gnoll misses you.
You shoot an arrow. The arrow closely misses the gnoll.
The gnoll hits you from afar with a +0 spear!
You shoot an arrow. The arrow hits the gnoll.
You kill the gnoll!
You start resting.
HP restored.
Found a leather armour.
You see here a +0 leather armour.
You see here a scroll of fear.
Found an escape hatch in the floor.
Enter note:
Enter note:
Enter note:
Enter note:
Enter note: 2 gnolls come into view.
The gnoll shouts! x2; You hear a shout!
You shoot an arrow. The arrow closely misses the gnoll.
The arrow hits the gnoll!
The gnoll is heavily wounded.
The gnoll misses you.
A gnoll comes into view. It is wielding a +0 spear.
The gnoll closely misses you.
Enter note:
Enter note:
Enter note:
Enter note:
1177 ||| RETREEEEATING.
The gnoll misses you.
1179 ||| RETREEEEATING.
The gnoll misses you.
1181 ||| RETREEEEATING.
The gnoll attacks as it pursues you! The gnoll hits you with a +0 halberd!
Ouch! That really hurt!
You shoot an arrow.
The arrow hits the gnoll but does no damage.
The gnoll hits you with a +0 halberd!
Ouch! That really hurt!
You die...

#..#####.##########.##
#..........########.#
##..#.##.#........%.#
#)###...###.######.#
###.## ##.###.#.## #.#
..# ##.#.###.####.#
###g# ##.............#
#g###.###.###.######
#.#@## ##.#>## #g##
##.## ### ###


You could see a gnoll.

Vanquished Creatures
  A gnoll (D:2)
  A dart slug (D:1)
  5 endoplasms
  6 giant cockroaches
  4 goblins (D:1)
  2 hobgoblins (D:1)
  3 jackals (D:1)
  2 kobolds
  4 quokkas
  A ball python (D:1)
  5 bats
  2 frilled lizards (D:1)
  3 rats (D:1)
39 creatures vanquished.

Notes
Turn   | Place    | Note
-------+----------+-------------------------------------------
     0 | D:1      | qw the Spriggan Hunter began the quest for the Orb.
     0 | D:1      | Reached XP level 1. HP: 10/10 MP: 2/2
     0 | D:1      | 0 ||| qw: Version: 0.3-a-155-g5e7d8dd
     0 | D:1      | 0 ||| qw: Game counter: 1024
     0 | D:1      | 0 ||| qw: Melee chars always use a shield: true
     0 | D:1      | 0 ||| qw: God list: Okawaru
     0 | D:1      | 0 ||| qw: Allow faded altars: false
     0 | D:1      | 0 ||| qw: Do Orc after clearing Dungeon:15 true
     0 | D:1      | 0 ||| qw: Do second Lair branch before Depths: true
     0 | D:1      | 0 ||| qw: Lair rune preference: random
     0 | D:1      | 0 ||| qw: Goals: Normal
     0 | D:1      | 0 ||| PLANNING D:1-11
    20 | D:1      | Reached skill level 3 in Dodging
   113 | D:1      | Reached XP level 2. HP: 5/14 MP: 3/3
   113 | D:1      | HP: 2/14 [jackal (3)]
   278 | D:1      | Reached XP level 3. HP: 14/18 MP: 4/4
   684 | D:1      | 684 ||| READING scroll labelled JOR ZOJAUMNO.
   684 | D:1      | 684 ||| ENCHANTING +0 shortbow.
   685 | D:1      | 685 ||| READING scroll labelled CEPTIRH BAYHEZ.
   686 | D:1      | 686 ||| READING scroll labelled HYG SUOM PUCVA.
   686 | D:1      | 686 ||| IDENTIFYING yellow potion
   687 | D:1      | 687 ||| READING scroll labelled RAHERUSTREO.
   688 | D:1      | 688 ||| READING 3 scrolls labelled GUSHRE RIERAEM.
   689 | D:1      | 689 ||| READING scroll labelled TYNEFU SUSY.
   790 | D:1      | 790 ||| DRINKING 2 clear potions.
   791 | D:1      | 791 ||| DROPPING scroll of butterflies.
   792 | D:1      | 792 ||| DROPPING 2 scrolls of fear.
   829 | D:2      | Found a faded altar of an unknown god.
  1177 | D:2      | 1177 ||| RETREEEEATING.
  1179 | D:2      | 1179 ||| RETREEEEATING.
  1181 | D:2      | 1181 ||| RETREEEEATING.
  1182 | D:2      | Mangled by a gnoll

Levels and vault maps discovered:
D:1:      sevenhm_arrival_forest_fort_large_4, layout_rooms
D:2:      layout_loops_ring, nicolae_ecumenical_pavilion, minmay_distorted

Skill      XL: |  1  2 |
---------------+-------+-----
Dodging        | 3 4 |  4.0
Fighting       | |  1.5
Ranged Weapons | |  4.9
Stealth        | |  1.5

Action                     || total
---------------------------++-------
   Fire: Shortbow          ||   111
    Use: Scroll            ||     6
         Potion            ||     1
 Armour: Robe              ||    24
  Dodge: Dodged            ||    50

Table legend:
 A = Non-vault XP
 B = Vault XP
 C = Vault XP percentage of total XP
 D = Non-vault monster count
 E = Vault monster count
 F = Vault count percentage of total count
                 A         B        C        D         E       F
            +---------+---------+-------+---------+---------+-------
      Total |      84 |       0 |   0.0 |      39 |       0 |   0.0
            +---------+---------+-------+---------+---------+-------
        D:1 |      58 |       0 |   0.0 |      32 |       0 |   0.0
        D:2 |      26 |       0 |   0.0 |       7 |       0 |   0.0
            +---------+---------+-------+---------+---------+-------
